 Dungeon Crawl Stone Soup version 0.29-a0-275-g389c0b56f3 (webtiles) character file.

Game seed: 10296148155909090684

343 tsouns the Chopper (level 6, -4/52 HPs)
             Began as a Draconian Gladiator on Mar 9, 2022.
             Was a Believer of Ru.
             Slain by a mummy (11 damage)
             ... in an ossuary.
             The game lasted 00:05:29 (3223 turns).

tsouns the Chopper (Draconian Gladiator)            Turns: 3223, Time: 00:05:29

Health: -4/52      AC: 10    Str: 16    XL:     6   Next: 31%
Magic:  6/6        EV: 13    Int: 10    God:    Ru [**....]
Gold:   141        SH:  0    Dex: 13    Spells: 5/5 levels left

rFire   . . .      SeeInvis .   e - +3 hand axe (freeze)
rCold   . . .      Faith    .   (no shield)
rNeg    . . .      Spirit   .   (body armour unavailable)
rPois   .          Reflect  .   i - +1 hat
rElec   .          Harm     .   k - +1 cloak
rCorr   .          Rampage  .   (no gloves)
Will    .....                   g - +0 pair of boots
Stlth   +.........              (no amulet)
HPRegen 0.17/turn               (no ring)
MPRegen 0.10/turn               (no ring)

@: no status effects
A: AC +6, unfitting armour, cold-blooded, weak-willed 1
a: Renounce Religion


You were in an ossuary.
You worshipped Ru.
Ru was pleased with you.
You visited 1 branch of the dungeon, and saw 4 of its levels.
You also visited: Ossuary.

You collected 141 gold pieces.

Inventory:

Hand Weapons
 a - a +0 war axe
 e - a +3 hand axe of freezing (weapon)
Missiles
 c - 2 throwing nets (quivered)
 l - 3 javelins
Armour
 g - a +0 pair of boots (worn)
 i - a +1 hat (worn)
 k - a +1 cloak (worn)
Jewellery
 n - an amulet of magic regeneration
Wands
 d - a wand of polymorph (4)
Scrolls
 f - a scroll of magic mapping {unknown}
Potions
 b - 2 potions of resistance
 j - a potion of degeneration
 o - a potion of lignification {unknown}


   Skills:
 + Level 4.0 Fighting
 * Level 5.5 Axes
 - Level 1.7 Throwing
 + Level 4.0 Dodging


You had 5 spell levels left.
You didn't know any spells.
Your spell library contained the following spells:

 Spells                   Type           Power      Damage    Failure   Level
 Sublimation of Blood     Necr           0%         N/A       50%         2
 Wereblood                Tmut           0%         N/A       50%         2
 Gell's Gravitas          Tloc           0%         N/A       75%         3
 Lesser Beckoning         Tloc           0%         N/A       75%         3
 Teleport Other           Tloc           0%         N/A       75%         3
 Summon Hydra             Summ           0%         N/A       100%        7


Dungeon Overview and Level Annotations

Branches:
Dungeon (4/15)            Ossuary (1/1)
 Temple: D:4-7

Altars:
Okawaru
Ru


Innate Abilities, Weirdness & Mutations

Your plain brown scales are hard. (AC +6)
You cannot fit into any form of body armour.
You are cold-blooded and may be slowed by cold attacks.
You are slightly weak-willed. (Will-)


Message History

You slash the mummy! You freeze the mummy.
The mummy is heavily damaged.
You closely miss the mummy.
The mummy is heavily damaged.
The mummy hits you!
You slash the mummy! You freeze the mummy.
You destroy the mummy!
Your Dodging skill increases to level 4!
There is an open door here.
There is a sand-covered staircase here.
The world spins around you as you enter the gateway.
You enter an ossuary!
Found a gate leading back out of this place.
There is an empty arch of ancient stone here.
Unknown command.
You hit the mummy.
The mummy is lightly damaged.
You hit the mummy. The mummy misses you.
You hit the mummy.
Your tail-slap misses the mummy.
The mummy is lightly damaged.
You completely miss the mummy. You hit the mummy but do no damage.
You hit the mummy but do no damage.
You tail-slap the mummy, but do no damage.
The mummy is lightly damaged.
You completely miss the mummy. You hit the mummy. The mummy barely misses you.
The mummy hits you! The mummy hits you but does no damage.
Unknown command.
You completely miss the mummy.
The mummy is moderately damaged.
You barely miss the mummy. You completely miss the mummy. You hit the mummy.
You freeze the mummy.
The mummy is severely damaged.
You hit the mummy. You completely miss the mummy. The mummy closely misses you.
The mummy hits you but does no damage. The mummy hits you!
You hit the mummy.
The mummy is severely damaged.
You hit the mummy. You hit the mummy but do no damage. The mummy hits you!
* * * LOW HITPOINT WARNING * * *
The mummy hits you!
You die...

#######
#.#.#.#
#.....#
#MM.#
#.@M#
#...#
#.∩.#
#...#
##+##


You could see 3 mummies.

Vanquished Creatures
  An orc priest (D:4)
  Crazy Yiuf (D:2)
  Natasha (thrice) (D:2)
  Terence (D:2)
  2 orc wizards
  A mummy (D:4)
  5 adders
  An ufetubus (D:3)
  3 dart slugs
  5 orcs
  4 endoplasms
  A giant cockroach (D:1)
  6 goblins
  5 hobgoblins
  7 jackals
  8 ball pythons
  4 bats
  3 frilled lizards
  A kobold (D:2)
  A kobold zombie (D:4)
  An orc zombie (D:4)
  8 rats
72 creatures vanquished.

Notes
Turn   | Place    | Note
-------+----------+-------------------------------------------
     0 | D:1      | tsouns the Draconian Gladiator began the quest for the Orb.
     0 | D:1      | Reached XP level 1. HP: 17/17 MP: 1/1
   213 | D:1      | Reached XP level 2. HP: 22/25 MP: 2/2
   457 | D:1      | Found a faded altar of an unknown god.
   465 | D:1      | Prayed at the altar of an unknown god.
   465 | D:1      | Became a worshipper of Ru the Awakened
   466 | D:1      | Gained mutation: You are slightly weak-willed. (Will-) [Ru
                  | sacrifice]
   466 | D:1      | Reached * piety under Ru
   466 | D:1      | Reached ** piety under Ru
  1145 | D:2      | Reached XP level 3. HP: 28/30 MP: 3/3
  1215 | D:2      | Noticed Natasha
  1221 | D:2      | Killed Natasha
  1331 | D:2      | Reached skill level 4 in Axes
  1421 | D:2      | Reached XP level 4. HP: 31/38 MP: 4/4
  1487 | D:2      | Noticed Terence
  1498 | D:2      | Killed Terence
  1589 | D:2      | Found a runed translucent door.
  1590 | D:2      | Noticed Crazy Yiuf
  1597 | D:2      | Killed Crazy Yiuf
  1707 | D:2      | Noticed Natasha
  1718 | D:2      | Killed Natasha
  1719 | D:2      | Reached XP level 5. HP: 45/45 MP: 5/5
  1743 | D:2      | Noticed Natasha
  1779 | D:2      | Killed Natasha
  2185 | D:3      | Found an iron altar of Okawaru.
  2302 | D:3      | Reached skill level 5 in Axes
  2916 | D:4      | Reached XP level 6. HP: 30/52 MP: 6/6
  3206 | D:4      | Found a sand-covered staircase.
  3213 | Ossuary  | Entered an ossuary
  3223 | Ossuary  | Slain by a mummy

Illustrated notes

Levels and vault maps discovered:
D:1:      lemuel_arrival_river_bridge, layout_loops_ring,
          shapermc_ecumenical_altar_totnotflames, kennysheep_boxes
D:2:      layout_loops_ring, st_stairs_4, uniq_natasha, uniq_terence,
          uniq_crazy_yiuf_cottage
D:3:      layout_rooms, okawaru_trees_2
D:4:      layout_loops_ring, nicolae_ossuary_entry_giza,
          minmay_tree_intersection, minmay_quantized
Ossuary:  ossuary_minmay_chase

Skill      XL: |  1  2  3  4  5  6 |
---------------+-------------------+-----
Dodging        | 3 4 |  4.0
Axes           | 4 5 |  5.5
Fighting       | 3 4 |  4.0
Throwing       | |  1.7

Action                   |  1- 3 |  4- 6 || total
-------------------------+-------+-------++-------
Melee: War axe           |    77 |    93 ||   170
       Tailslap          |     5 |    10 ||    15
       Unarmed           |       |    19 ||    19
       Hand axe          |       |    33 ||    33
       Punch             |       |     2 ||     2
Throw: Throwing net      |       |     1 ||     1
       Javelin           |       |     1 ||     1
Invok: Sacrifice Essence |     1 |       ||     1
  Use: Scroll            |       |     5 ||     5
 Stab: Sleeping          |     2 |     4 ||     6
       Invisible         |     2 |       ||     2
       Held in net/web   |       |     1 ||     1
Armor: Skin              |    24 |    52 ||    76
Dodge: Dodged            |    38 |   103 ||   141

Table legend: (Time is in decaauts)
 A = Elapsed time spent in this place.
 B = Non-inter-level travel time spent in this place.
 C = Inter-level travel time spent in this place.
 D = Time resting spent in this place.
 E = Time spent auto-exploring this place.
 F = Levels seen in this place.
 G = Mean time per level.
                   A        B        C        D        E       F      G
               +--------+--------+--------+--------+--------+-----+--------+
         Total |   3301 |   3256 |     45 |      0 |   2574 |   5 |  660.2 |
       Dungeon |   3291 |   3246 |     45 |      0 |   2574 |   4 |  822.8 |
       Ossuary |      9 |      9 |      0 |      0 |      0 |   1 |    9.0 |
               +--------+--------+--------+--------+--------+-----+--------+

Top non-repeatable levels by time:
     D:2: 1138 daAuts
     D:1: 1046 daAuts
     D:3: 929 daAuts
     D:4: 177 daAuts
 Ossuary: 9 daAuts
